 Dungeon Crawl Stone Soup version 0.21.0-25-ge575cb9 (webtiles) character file.

6 Monsterracer the Ducker (level 1, -2/11 HPs)
             Began as a Spriggan Gladiator on Jan 26, 2018.
             Slain by a kobold
             ... wielding a +0 club
              (3 damage)
             ... on level 1 of the Dungeon.
             The game lasted 00:01:32 (552 turns).

Monsterracer the Ducker (Spriggan Gladiator)         Turns: 552, Time: 00:01:33

Health: -2/11      AC:  2    Str: 10    XL:     1   Next: 75%
Magic:  2/2        EV: 20    Int:  9    God:
Gold:   0          SH:  0    Dex: 17    Spells: 0/0 levels left

rFire    . . .     SeeInvis +   a - +0 long sword {!a}
rCold    . . .     Gourm    .   (shield restricted)
rNeg     . . .     Faith    .   b - +0 robe
rPois    .         Spirit   .   f - +0 hat
rElec    .         Reflect  .   (no cloak)
rCorr    .         Harm     .   (gloves unavailable)
MR       .....                  (boots unavailable)
Stlth    ++........             (no amulet)
HPRegen  0.03/turn              (no ring)
MPRegen  0.08/turn              (no ring)

@: very quick
A: very small, unfitting armour, see invisible, herbivore, speed 3, slow
metabolism 2
a: no special abilities


You were on level 1 of the Dungeon.
You were not hungry.

You visited 1 branch of the dungeon, and saw 2 of its levels.

Inventory:

Hand Weapons
 a - a +0 long sword (weapon) {!a}
Missiles
 d - 3 throwing nets (quivered)
Armour
 b - a +0 robe (worn)
 f - a +0 hat (worn)
Comestibles
 c - a ration


   Skills:
 * Level 1.8 Fighting
 - Level 2.4 Long Blades
 - Level 2.0 Throwing
 * Level 4.7 Dodging
 + Level 0.3 Stealth


You couldn't memorise any spells.
You didn't know any spells.

Dungeon Overview and Level Annotations

Branches:
Dungeon (2/15)

Altars:


Innate Abilities, Weirdness & Mutations

You are very small and have problems with some larger weapons.
You are too small for most types of armour.
You have supernaturally acute eyesight. (SInv)
You are a herbivore.
You cover ground extremely quickly.
You need consume almost no food.


Message History

The kobold hits you.
You take 2 damage, and have 6/11 hp.
The kobold misses you. The kobold misses you. The kobold closely misses you.
The kobold misses you.
You riposte.
You closely miss the kobold. The kobold hits you.
* * * LOW HITPOINT WARNING * * *
You take 2 damage, and have 4/11 hp.
The kobold throws a stone.
The stone closely misses you.
The kobold throws a stone.
The stone closely misses you.
There is a stone staircase leading down here.
The kobold throws a stone.
The stone completely misses you.
You see here a stone.
You start resting.
The kobold completely misses you. The kobold closely misses you.
The kobold closely misses you.
You riposte.
You hit the kobold.
You kill the kobold!
You start resting.
HP restored.
Key pressed, stopping explore.
An ooze comes into view.
Health restored: 11 An ooze is nearby!
The ooze quivers.
The ooze closely misses you.
You riposte.
You hit the ooze.
The ooze is heavily wounded.
The ooze hits you.
You take 4 damage, and have 7/11 hp.
MASSIVE DAMAGE!!
The ooze hits you.
* * * LOW HITPOINT WARNING * * *
You take 5 damage, and have 2/11 hp.
MASSIVE DAMAGE!!
Why would you want to do that? Why would you want to do that?
You see here a stone.
There is a stone staircase leading down here.
You can't go down here!
There is a stone staircase leading down here.
You climb downwards.
An adder and a jackal come into view.
Found a fuming grey potion and 24 stones.
Found a stone staircase leading down.
There is a stone staircase leading up here.
The jackal barks!
You hear a bark!
You climb upwards.
There is a stone staircase leading down here.
You see here a stone.
You see here a stone.
A kobold comes into view. It is wielding a club.
The kobold shouts!
The kobold hits you but does no damage.
A bat comes into view.
A bat and a hobgoblin come into view.
Found a ring mail.
The bat hits you but does no damage. The bat completely misses you.
The bat closely misses you.
You riposte.
You hit the bat.
You kill the bat!
The bat hits you but does no damage. The bat completely misses you.
The bat misses you. The bat completely misses you.
The bat hits you but does no damage. The bat hits you but does no damage.
The bat barely misses you. The bat completely misses you.
A kobold comes into view.
The bat hits you but does no damage. The bat completely misses you.
You riposte.
You hit the bat.
You kill the bat!
A rat comes into view.
The rat completely misses you.
You riposte.
You barely miss the rat. The rat completely misses you.
The rat completely misses you. The rat closely misses you. The rat bites you.
* * * LOW HITPOINT WARNING * * *
You take 1 damage, and have 3/11 hp.
The rat bites you.
* * * LOW HITPOINT WARNING * * *
You take 1 damage, and have 2/11 hp.
The rat completely misses you. The kobold hits you but does no damage.
Unknown command.
The rat barely misses you. The kobold misses you.
The rat completely misses you. The kobold misses you. The rat misses you.
You riposte.
You closely miss the rat. The kobold misses you. The rat completely misses you.
The rat closely misses you. The kobold barely misses you. The rat bites you.
* * * LOW HITPOINT WARNING * * *
The kobold misses you.
You riposte.
You barely miss the kobold.
You take 1 damage, and have 1/11 hp.
The rat completely misses you.
You riposte.
You barely miss the rat. The kobold hits you but does no damage.
The rat closely misses you. The kobold barely misses you.
You riposte.
You closely miss the kobold. The rat barely misses you.
The kobold hits you with a club.
You die...

### #.# #.# ##.####
#.....
..#############..##
......r@K.........######
..##########.###.....#..
#.#...###...K #.#.#..
#.... #...##.##.### #..
.##.# #..# .##.# ....
..... .#. #..##


You could see a kobold and a rat.

Vanquished Creatures
  A goblin (D:1)
  2 kobolds (D:1)
  2 bats (D:1)
  A rat (D:1)
6 creatures vanquished.

Notes
Turn   | Place    | Note
-------+----------+-------------------------------------------
     0 | D:1      | Monsterracer the Spriggan Gladiator began the quest for the Orb.
     0 | D:1      | Reached XP level 1. HP: 10/10 MP: 2/2
   196 | D:1      | HP: 4/11 [kobold (2)]
   435 | D:1      | HP: 2/11 [ooze (5)]
   541 | D:1      | HP: 3/11 [rat (1)]
   549 | D:1      | HP: 1/11 [rat (1)]
   552 | D:1      | Slain by a kobold

Action                   || total
-------------------------++-------
Armor: Robe              ||    10
Dodge: Dodged            ||    59
       Rpst.: Long sword ||    15

Vault maps used:
D:1:      erik_arrival_gehennom
D:2:      first_ration, uniq_terence
